AoeStats
← 瞌睡虫

Arabia

504036405Analyzed
1v1 RM · 28d ago on Sep 3, 2026· 39m 49s· 2 players
Game mode
Random Map
Map size
Tiny (2 player)
Population
200
Speed
Normal
Resources
Standard
Victory
Conquest
Starting age
Dark Age
Ending age
Imperial Age
RankedLock teamsTeams togetherTeam positionsShared explorationLock speedFull tech treeHidden civsTurbo modeCheats
Victory
Defeat
🇹🇼 Sicilians · Taiwan
2035
+18
🇫🇷 Saracens · France
2087
-18
瞌睡虫
6:30 Loom
9:01 Feudal Age
9:43 Double-Bit Axe
17:55 Castle Age
16:14 Horse Collar
16:27 Fletching
17:58 Crossbowman
18:34 Bodkin Arrow
19:03 Padded Archer Armor
20:58 Leather Archer Armor
23:03 Ballistics
24:06 Town Watch
26:35 Wheelbarrow
35:58 Imperial Age
33:50 Heavy Plow
34:33 Bow Saw
34:29 Stone Mining
34:29 Gold Mining
35:53 Elite Skirmisher
36:40 Bracer
37:44 Chemistry
39:03 Conscription
39:01 Arbalester
Shulk
6:28 Loom
8:56 Feudal Age
9:41 Double-Bit Axe
18:55 Castle Age
19:27 Crossbowman
19:57 Fletching
19:56 Horse Collar
20:55 Bodkin Arrow
22:23 Ballistics
23:11 Padded Archer Armor
26:39 Wheelbarrow
27:34 Town Watch
29:46 Gold Mining
34:56 Imperial Age
35:54 Gold Shaft Mining
35:31 Bow Saw
35:42 Bracer
36:46 Chemistry
36:13 Arbalester
38:06 Leather Archer Armor
Connection lost

Rejoining the realm…

Still unreachable

The connection could not be restored.

Session expired

The server has moved on; the page needs a fresh start.